 Dungeon Sprint DCSS version 0.23.2-30-g0e89c35649 (webtiles) character file.

Game seed: 4013516099931707507

455 Kobolds4U the Carver (level 6, 0/51 HPs)
             Began as a Minotaur Berserker on June 11, 2019.
             Was a Believer of Trog.
             Slain by a slime creature (9 damage)
             ... in the Dungeon (Sprint I: "Red Sonja").
             The game lasted 00:01:57 (792 turns).

Kobolds4U the Carver (Minotaur Berserker)            Turns: 792, Time: 00:01:58

Health: 0/51       AC:  6    Str: 22    XL:     6   Next: 76%
Magic:  5/5        EV: 14    Int:  4    God:    Trog [**....]
Gold:   297        SH:  0    Dex: 11    Spells: 5/5 levels left

rFire    . . .     SeeInvis .   a - +0 falchion
rCold    . . .     Gourm    .   (no shield)
rNeg     . . .     Faith    .   k - +0 scale mail
rPois    .         Spirit   .   (helmet restricted)
rElec    .         Reflect  .   (no cloak)
rCorr    .         Harm     .   (no gloves)
MR       ++...     NoTele   +   (no boots)
Stlth    ..........             (no amulet)
HPRegen  1.17/turn              (no ring)
MPRegen  0.09/turn              (no ring)

@: regenerating
A: retaliatory headbutt, horns 2
a: Berserk, Trog's Hand, Renounce Religion


You were in the Dungeon.
You worshipped Trog.
Trog was pleased with you.
You were hungry.

You visited 1 branch You collected 297 gold pieces.

Inventory:

Hand Weapons
 a - a +0 falchion (weapon)
Armour
 k - a +0 scale mail (worn)
Wands
 b - a wand of flame (17)
Scrolls
 i - a scroll of blinking
Potions
 d - a potion of curing
 e - a potion of heal wounds
 f - a potion of haste
 g - 2 potions of magic
 h - a potion of berserk rage
 j - a potion of resistance {unknown}
Comestibles
 c - a ration
 l - a chunk of flesh


   Skills:
 - Level 3.6 Fighting
 * Level 13.5 Long Blades
 - Level 2.4 Armour
 + Level 10.1 Dodging


You had 5 spell levels left.
You didn't know any spells.
Your spell library was empty.

Dungeon Overview and Level Annotations

Branches:
Dungeon (1/1)

Altars:
Cheibriados
Dithmenos
Elyvilon
Fedhas
Gozag
Hepliaklqana
Kikubaaqudgha
Makhleb
Nemelex Xobeh
Okawaru
Qazlal
Ru
Sif Muna
Trog
Uskayaw
Vehumet
Wu Jian
Xom
Yredelemnul
Zin
The Shining One
Jiyva
Lugonu

Shops:
D !


Innate Abilities, Weirdness & Mutations

You reflexively headbutt those who attack you in melee.
You have a pair of horns on your head.


Message History

The slime creature hits you but does no damage.
You hit the slime creature.
The slime creature is moderately wounded.
The slime creature closely misses you.
You hit the slime creature.
The slime creature is moderately wounded.
You hit the slime creature but do no damage.
Your headbutt misses the slime creature.
The slime creature is moderately wounded.
The slime creature hits you!
* * * LOW HITPOINT WARNING * * *
You slash the slime creature!
The slime creature is heavily wounded.
The slime creature hits you.
* * * LOW HITPOINT WARNING * * *
Your skin crawls.
You feel resistant to hostile enchantments.
You are feeling hungry.
The slime creature hits you!
You die...

################ ##
#<.#..)..#.)'@J#__#
#..'[.#..'..#..'..+
#..#####'#####'#__#
#..####..#...#.# ##
#..#__####..##(#
#..#_____##'#_.+
#⌠⌠#_.∩...÷..._#
####_..__##_.#'#
#_____###+#[#


You could see a slime creature.

Vanquished Creatures
  Sigmund (D)
  A yak (D)
  An ogre (D)
  A jelly (D)
  Ijyb (D)
5 creatures vanquished.

Vanquished Creatures (others)
  A gargoyle (D)
1 creature vanquished.

Grand Total: 6 creatures vanquished

Notes
Turn   | Place    | Note
-------+----------+-------------------------------------------
     0 | D        | Kobolds4U the Minotaur Berserker began the quest for the
                  | Orb.
     0 | D        | Reached XP level 1. HP: 19/19 MP: 0/0
     1 | D        | Noticed Ijyb
     8 | D        | Killed Ijyb
     8 | D        | Reached skill level 5 in Long Blades
     8 | D        | Reached skill level 5 in Dodging
     8 | D        | Reached XP level 2. HP: 22/26 MP: 1/1
    51 | D        | Noticed an ogre
    58 | D        | Killed an ogre
    58 | D        | Reached skill level 8 in Long Blades
    58 | D        | Reached XP level 3. HP: 29/31 MP: 2/2
    58 | D        | Reached XP level 4. HP: 36/39 MP: 3/3
   154 | D        | Noticed Sigmund
   161 | D        | Killed Sigmund
   161 | D        | Reached ** piety under Trog
   161 | D        | Reached skill level 11 in Long Blades
   161 | D        | Reached XP level 5. HP: 16/45 MP: 4/4
   161 | D        | Reached XP level 6. HP: 19/51 MP: 5/5
   175 | D        | Killed a gargoyle
   372 | D        | Found an ornate altar of the Wu Jian Council.
   372 | D        | Found a deep blue altar of Sif Muna.
   374 | D        | Found a radiant altar of Vehumet.
   380 | D        | Reached skill level 12 in Long Blades
   554 | D        | Found Jexeu's Distillery.
   554 | D        | Found an ancient bone altar of Kikubaaqudgha.
   554 | D        | Found a hazy altar of Hepliaklqana.
   554 | D        | Found a stormy altar of Qazlal.
   554 | D        | Found a hide-covered altar of Uskayaw.
   554 | D        | Found a blossoming altar of Fedhas.
   554 | D        | Found a bloodstained altar of Trog.
   554 | D        | Found an iron altar of Okawaru.
   554 | D        | Found a basalt altar of Yredelemnul.
   554 | D        | Found a glowing golden altar of the Shining One.
   554 | D        | Found a snail-covered altar of Cheibriados.
   554 | D        | Found a sacrificial altar of Ru.
   554 | D        | Found a glowing silver altar of Zin.
   554 | D        | Found a shadowy altar of Dithmenos.
   554 | D        | Found a white marble altar of Elyvilon.
   554 | D        | Noticed a yak
   563 | D        | Killed a yak
   563 | D        | Reached skill level 13 in Long Blades
   563 | D        | Reached skill level 10 in Dodging
   566 | D        | Found an opulent altar of Gozag.
   576 | D        | Found a sparkling altar of Nemelex Xobeh.
   780 | D        | Found a burning altar of Makhleb.
   780 | D        | Found a viscous altar of Jiyva.
   780 | D        | Found a shimmering altar of Xom.
   780 | D        | Found a corrupted altar of Lugonu.
   780 | D        | Noticed a slime creature
   792 | D        | Slain by a slime creature

Skill      XL: |  1  2  3  4  5  6 |
---------------+-------------------+-----
Long Blades    | 5 8 11 13 | 13.5
Dodging        | 5 7 9 10 | 10.1
Fighting       | |  3.6
Armour         | |  2.4

Action                   |  1- 3 |  4- 6 || total
-------------------------+-------+-------++-------
Melee: Falchion          |    12 |    28 ||    40
       Headbutt          |     5 |     7 ||    12
Invok: Berserk           |     1 |     1 ||     2
       Trog's Hand       |       |     1 ||     1
  Eat: Chunk             |       |     1 ||     1
Armor: Scale mail        |       |     3 ||     3
Dodge: Dodged            |     2 |     5 ||     7
       Rpst.: Falchion   |     1 |     3 ||     4
